 Dungeon Crawl Stone Soup version 0.30.1 (webtiles) character file.

Game seed: 10994367025323512597

80 javelincjr the Caller (level 4, -2/32 HPs)
             Began as a Gnoll Summoner on July 11, 2023.
             Killed from afar by a dart slug (5 damage)
             ... with a slug dart
             ... on level 3 of the Dungeon.
             The game lasted 00:07:56 (1734 turns).

javelincjr the Caller (Gnoll Summoner)              Turns: 1734, Time: 00:07:57

Health: -2/32      AC:  2    Str:  7    XL:     4   Next: 39%
Magic:  7/11       EV: 13    Int: 22    God:
Gold:   104        SH:  0    Dex: 13    Spells: 7/13 levels left

rFire   . . .        h - +0 long sword
rCold   . . .        (no shield)
rNeg    . . .        a - +0 robe
rPois   .            (no helmet)
rElec   .            (no cloak)
rCorr   .            (no gloves)
SInv    .            (no boots)
Will    .....        (no amulet)
Stlth   +++          k - +6 ring of intelligence
HPRegen 0.25/turn    (no ring)
MPRegen 0.12/turn

%: no passive effects
@: no status effects
A: fangs 1, strong nose, distributed training
a: no special abilities


You were on level 3 of the Dungeon.
You visited 1 branch of the dungeon, and saw 3 of its levels.

You collected 104 gold pieces.

Inventory:

Hand Weapons
 c - a +0 dagger
 h - a +0 long sword (weapon)
Armour
 a - a +0 robe (worn)
Jewellery
 k - a +6 ring of intelligence (left hand)
Wands
 i - a wand of iceblast (8)
Scrolls
 f - 3 scrolls of teleportation {unknown}
 j - a scroll of enchant weapon {unknown}
 l - a scroll of magic mapping {unknown}
 m - 2 scrolls of fear {unknown}
 n - 2 scrolls of noise {unknown}
Potions
 b - a potion of magic
 d - 2 potions of degeneration {unknown}
 e - a potion of brilliance {unknown}
 g - 2 potions of curing {unknown}


   Skills:
 + Level 1.2 Fighting
 + Level 1.2 Short Blades
 + Level 1.2 Long Blades
 + Level 1.2 Axes
 + Level 1.2 Maces & Flails
 + Level 1.2 Polearms
 + Level 1.2 Staves
 + Level 1.2 Ranged Weapons
 + Level 1.2 Throwing
 + Level 1.2 Armour
 + Level 4.6 Dodging
 + Level 4.3 Stealth
 + Level 1.2 Shields
 + Level 1.2 Unarmed Combat
 + Level 5.1 Spellcasting
 + Level 1.0 Conjurations
 + Level 1.0 Hexes
 + Level 7.1 Summonings
 + Level 1.0 Necromancy
 + Level 1.0 Translocations
 + Level 1.0 Transmutations
 + Level 1.0 Fire Magic
 + Level 1.0 Ice Magic
 + Level 1.0 Air Magic
 + Level 1.0 Earth Magic
 + Level 1.0 Poison Magic
 + Level 1.3 Invocations
 + Level 1.2 Evocations


You had 7 spell levels left.
You knew the following spells:

 Your Spells              Type           Power      Damage    Failure   Level
a - Summon Small Mammal   Summ           100%       N/A       1%          1
b - Call Imp              Summ           74%        N/A       1%          2
c - Call Canine Familiar  Summ           37%        N/A       1%          3

Your spell library contained the following spells:

 Spells                   Type           Power      Damage    Failure   Level
 Summon Guardian Golem    Hex/Summ       23%        N/A       5%          3
 Summon Lightning Spire   Summ/Air       23%        N/A       19%         4


Dungeon Overview and Level Annotations

Branches:
Dungeon (3/15)

Altars:


Innate Abilities, Weirdness & Mutations

You have very sharp teeth.
Your uncanny sense of smell can sniff out nearby items.
Your experience applies equally to all skills.


Message History

Your cerulean imp hits the endoplasm from afar with a -1 spear.
The endoplasm dies!
An orc comes into view. It is wielding a +0 hand axe.
Found a grey potion.
The orc shouts!
The orc priest shouts!
The orc priest invokes the aid of Beogh against you.
Your hound writhes in agony.
Your hound bites the orc priest.
Found a stone staircase leading down.
The orc priest hits your hound with a +0 flail.
The orc priest miscasts a cantrip.
Your hound barely misses the orc priest.
The dart slug barely misses your cerulean imp.
You swap places.
The orc throws a boomerang.
The boomerang hits you.
The orc priest hits you with a +0 flail!
The orc priest calls upon Beogh to heal the orc priest.
The orc priest's wounds heal themselves!
A slug dart appears from out of your range of vision.
The slug dart hits your cerulean imp.
Your hound closely misses the orc priest.
You hit the orc priest. Your bite misses the orc priest.
The orc priest is moderately wounded.
The orc priest mumbles some strange prayers to Beogh against you.
Beogh smites you!
* * * LOW HITPOINT WARNING * * *
The orc throws a boomerang.
The boomerang hits you but does no damage.
Your hound bites the orc priest.
The orc priest hits you with a +0 flail.
* * * LOW HITPOINT WARNING * * *
The orc throws a boomerang.
The boomerang misses you.
Your hound closely misses the orc priest.
You closely miss the orc priest.
The orc priest is heavily wounded.
Your hound bites the orc priest.
The orc priest hits you with a +0 flail.
* * * LOW HITPOINT WARNING * * *
Your hound completely misses the orc priest.
The dart slug launches a dart at you. The slug dart hits you.
You die...

..... ....>#######
..!..#.....##
...........###
###............
...............
.......oo......
###...h@o......
.......5.......
...............
###............
#............
.###............
.............~~.~~.....
##..#......~w~≈~~~w...
#.......~~#~~~~≈w~~..


You could see 2 orc priests, a dart slug, an orc, a friendly hound (summoned)
and a friendly cerulean imp (summoned).

Vanquished Creatures
  An iguana (D:2)
  A worm (D:2)
  3 dart slugs
  3 ball pythons
  2 endoplasms
  A giant cockroach (D:1)
  A goblin (D:2)
  2 hobgoblins
  4 quokkas
  2 rats
20 creatures vanquished.

Vanquished Creatures (collateral kills)
  3 dart slugs (D:3)
  2 worms (D:2)
  A ball python (D:1)
  2 endoplasms
  A hobgoblin (D:2)
  A quokka (D:1)
  A bat (D:1)
  2 frilled lizards
  A goblin (D:1)
14 creatures vanquished.

Grand Total: 34 creatures vanquished

Notes
Turn   | Place    | Note
-------+----------+-------------------------------------------
     0 | D:1      | javelincjr the Gnoll Summoner began the quest for the Orb.
     0 | D:1      | Reached XP level 1. HP: 13/13 MP: 6/6
   195 | D:1      | Reached XP level 2. HP: 19/19 MP: 7/7
   809 | D:2      | Reached skill level 5 in Spellcasting
   809 | D:2      | Reached XP level 3. HP: 25/25 MP: 5/9
   882 | D:2      | Learned a level 2 spell: Call Imp
   892 | D:2      | Learned a level 3 spell: Call Canine Familiar
  1149 | D:2      | Reached skill level 1 in Fighting
  1149 | D:2      | Reached skill level 1 in Short Blades
  1149 | D:2      | Reached skill level 1 in Long Blades
  1149 | D:2      | Reached skill level 1 in Axes
  1149 | D:2      | Reached skill level 1 in Maces & Flails
  1149 | D:2      | Reached skill level 1 in Polearms
  1149 | D:2      | Reached skill level 1 in Staves
  1149 | D:2      | Reached skill level 1 in Ranged Weapons
  1149 | D:2      | Reached skill level 1 in Throwing
  1149 | D:2      | Reached skill level 1 in Armour
  1149 | D:2      | Reached skill level 1 in Shields
  1149 | D:2      | Reached skill level 1 in Unarmed Combat
  1149 | D:2      | Reached skill level 1 in Invocations
  1149 | D:2      | Reached skill level 1 in Evocations
  1149 | D:2      | Reached XP level 4. HP: 16/32 MP: 4/11
  1723 | D:3      | Reached skill level 1 in Conjurations
  1723 | D:3      | Reached skill level 1 in Hexes
  1723 | D:3      | Reached skill level 1 in Necromancy
  1723 | D:3      | Reached skill level 1 in Translocations
  1723 | D:3      | Reached skill level 1 in Transmutations
  1723 | D:3      | Reached skill level 1 in Fire Magic
  1723 | D:3      | Reached skill level 1 in Ice Magic
  1723 | D:3      | Reached skill level 1 in Air Magic
  1723 | D:3      | Reached skill level 1 in Earth Magic
  1723 | D:3      | Reached skill level 1 in Poison Magic
  1734 | D:3      | Killed from afar by a dart slug

Illustrated notes

Levels and vault maps discovered:
D:1:      spicycebolla_arrival_risky_transporter, layout_rooms,
          minmay_fountain_box
D:2:      layout_loops_ring
D:3:      kennysheep_slugbush, layout_rooms, mainiacjoe_overflow_alcove_4,
          hellmonk_ecumenical_altar_pennies_from_heaven,
          hangedman_abyss_or_decor_stabs, uniq_grinder, uniq_jessica

Skill      XL: |  1  2  3  4 |
---------------+-------------+-----
Spellcasting   | 5 |  5.1
Fighting       | 1 |  1.2
Short Blades   | 1 |  1.2
Long Blades    | 1 |  1.2
Axes           | 1 |  1.2
Maces & Flails | 1 |  1.2
Polearms       | 1 |  1.2
Staves         | 1 |  1.2
Ranged Weapons | 1 |  1.2
Throwing       | 1 |  1.2
Armour         | 1 |  1.2
Shields        | 1 |  1.2
Unarmed Combat | 1 |  1.2
Invocations    | 1 |  1.3
Evocations     | 1 |  1.2
Conjurations   | 1 |  1.0
Hexes          | 1 |  1.0
Necromancy     | 1 |  1.0
Translocations | 1 |  1.0
Transmutations | 1 |  1.0
Fire Magic     | 1 |  1.0
Ice Magic      | 1 |  1.0
Air Magic      | 1 |  1.0
Earth Magic    | 1 |  1.0
Poison Magic   | 1 |  1.0
Dodging        | |  4.6
Stealth        | |  4.3
Summonings     | |  7.1

Action                     |  1- 3 |  4- 6 || total
---------------------------+-------+-------++-------
  Melee: Dagger            |    49 |       ||    49
         Bite              |     8 |     3 ||    11
         Punch             |     1 |       ||     1
         Long sword        |    25 |    24 ||    49
   Cast: Summon Small Mamm |    28 |     6 ||    34
         Call Imp          |     3 |     3 ||     6
         Call Canine Famil |     2 |     4 ||     6
   Stab: Sleeping          |     2 |     1 ||     3
         Distracted        |       |     1 ||     1
 Armour: Robe              |     5 |     2 ||     7
  Dodge: Dodged            |    41 |    21 ||    62
